 Dungeon Crawl Stone Soup version 0.21.1-1-g345015f (webtiles) character file.

1052 Fang the Chopper (level 8, 0/51 HPs)
             Began as a Gargoyle Berserker on June 6, 2018.
             Was an Elder of Trog.
             Slain by an ogre
             ... wielding a +0 giant club
              (7 damage)
             ... on level 5 of the Dungeon.
             The game lasted 00:06:53 (5242 turns).

Fang the Chopper (Gargoyle Berserker)               Turns: 5242, Time: 00:06:54

Health: 0/51       AC:  9    Str: 23    XL:     8   Next: 26%
Magic:  8/8        EV: 12    Int:  8    God:    Trog [****..]
Gold:   322        SH:  0    Dex:  9    Spells: 7/7 levels left

rFire    x . .     SeeInvis .   a - +0 hand axe
rCold    + + .     Gourm    .   (no shield)
rNeg     + + .     Faith    .   y - +1 leather armour {rC+}
rPois    ∞         Spirit   .   (no helmet)
rElec    +         Reflect  .   (no cloak)
rCorr    .         Harm     .   (no gloves)
MR       .....                  (no boots)
Stlth    ++........             (no amulet)
HPRegen  0.17/turn              x - ring of positive energy
MPRegen  0.11/turn              m - ring of ice

@: berserk cooldown
A: negative energy resistance 1, electricity resistance, unbreathing,
petrification resistance, rot immunity, AC +5
a: Berserk, Trog's Hand, Brothers in Arms, Burn Spellbooks, Renounce Religion


You were on level 5 of the Dungeon.
You worshipped Trog.
Trog was greatly pleased with you.
You were not hungry.

You visited 1 branch of the dungeon, and saw 5 of its levels.

You collected 322 gold pieces.

Inventory:

Hand Weapons
 a - a +0 hand axe (weapon)
Armour
 y - a +1 leather armour of cold resistance (worn)
Jewellery
 g - an uncursed ring of wizardry
 j - an uncursed ring of protection from fire
 m - a ring of ice (right hand)
 x - a ring of positive energy (left hand)
Scrolls
 e - 4 scrolls of teleportation {unknown}
 k - 2 scrolls of enchant armour {unknown}
 l - 3 scrolls of enchant weapon {unknown}
 n - 4 scrolls of identify {unknown}
 p - a scroll of random uselessness {unknown}
 t - 3 scrolls of remove curse {unknown}
 u - 4 scrolls of fog {unknown}
 w - 2 scrolls of amnesia {unknown}
Potions
 d - 2 potions of lignification {unknown}
 f - a potion of heal wounds
 h - 2 potions of curing {unknown}
 i - a potion of mutation {unknown}
 o - a potion of might {unknown}
 q - a potion of brilliance {unknown}
 r - 3 potions of degeneration {unknown}
 s - a potion of haste {unknown}
 v - a potion of ambrosia {unknown}
Comestibles
 c - 6 rations


   Skills:
 + Level 5.7 Fighting
 + Level 6.9 Axes
 + Level 2.4 Armour
 + Level 3.3 Dodging
 + Level 3.0 Stealth


You had 7 spell levels left.
You didn't know any spells.

Dungeon Overview and Level Annotations

Branches:
Dungeon (5/15)
 Temple: D:4-7

Altars:
Cheibriados
Dithmenos
Kikubaaqudgha
Makhleb
Ru
Uskayaw

Annotations:
D:5 2 transporters


Innate Abilities, Weirdness & Mutations

You are resistant to torment.
Your stone body is resilient. (AC +5)
You are immune to poison.
You resist negative energy. (rN+)
You are resistant to electric shocks. (rElec)
You can survive without breathing.
You are immune to petrification.
You are immune to rotting.


Message History

Unknown command.
You are too injured to fight recklessly!
You are too injured to fight recklessly!
You hit the ogre.
The ogre is severely wounded.
The ogre hits you with a giant club.
Unknown command.
You hit the ogre.
The ogre is severely wounded.
The crimson imp blinks!
Unknown command.
You barely miss the ogre.
The ogre is severely wounded.
The ogre hits you with a giant club!
* * * LOW HITPOINT WARNING * * *
The crimson imp blinks!
You hit the ogre but do no damage.
The ogre is severely wounded.
The ogre hits you with a giant club!
You die...

##### #....# ## ..#...#
#.# #⌠#..## ##..# .#....##
##.#.. #...#..@# ##
#.#⌠#.#⌠#.#⌠#.O#######..
###..#...#...#§...........
...#...#...#...#..........
..#⌠#.#⌠#.#⌠#.#⌠#.........
...#...#...#...#..........
.....#...#...#..#.........
....#⌠#.#⌠#.#⌠#.#...§.....
.....#...#...#............


You could see an ogre.

Vanquished Creatures
  The ghost of swampthing the Conjurer, an amateur DrCj (D:3)
  Edmund (D:4)
  A sky beast (D:5)
  An ogre (D:4)
  2 scorpions (D:4)
  2 vampire bats (D:4)
  2 crimson imps
  A hound (D:3)
  A jelly (D:5)
  An orc priest (D:5)
  2 iguanas (D:4)
  A centaur skeleton (D:4)
  2 worker ants (D:4)
  A killer bee zombie (D:5)
  2 adders
  A shadow imp (D:5)
  3 oozes
  An adder zombie (D:5)
  2 worms
  3 dart slugs
  A leopard gecko (D:2)
  9 orcs
  4 giant cockroaches
  13 hobgoblins
  2 jackals (D:1)
  A quokka (D:3)
  A ball python (D:3)
  12 bats
  9 frilled lizards
  6 goblins
  12 kobolds
  2 quokka skeletons
  7 rats
110 creatures vanquished.

Notes
Turn   | Place    | Note
-------+----------+-------------------------------------------
     0 | D:1      | Fang the Gargoyle Berserker began the quest for the Orb.
     0 | D:1      | Reached XP level 1. HP: 14/14 MP: 1/1
   153 | D:1      | Reached XP level 2. HP: 13/19 MP: 2/2
   205 | D:1      | Reached skill level 3 in Axes
   666 | D:1      | Reached XP level 3. HP: 22/24 MP: 3/3
   705 | D:1      | Reached ** piety under Trog
  1180 | D:2      | Reached XP level 4. HP: 21/29 MP: 4/4
  1211 | D:2      | Found a sacrificial altar of Ru.
  1213 | D:2      | Found a hide-covered altar of Uskayaw.
  1219 | D:2      | Noticed a hand axe
  1220 | D:2      | Noticed a dagger
  1990 | D:2      | Found a snail-covered altar of Cheibriados.
  2129 | D:3      | Noticed swampthing's ghost (amateur DrCj)
  2289 | D:3      | Found a burning altar of Makhleb.
  2300 | D:3      | Reached skill level 4 in Axes
  2300 | D:3      | Reached skill level 1 in Stealth
  2300 | D:3      | Reached XP level 5. HP: 22/33 MP: 5/5
  2611 | D:3      | Reached *** piety under Trog
  2635 | D:3      | Found a faded altar of an unknown god.
  2921 | D:3      | Killed swampthing's ghost
  2921 | D:3      | Reached XP level 6. HP: 12/39 MP: 6/6
  3208 | D:3      | Found a shadowy altar of Dithmenos.
  3542 | D:4      | Reached skill level 5 in Axes
  3742 | D:4      | Noticed Edmund
  3762 | D:4      | Killed Edmund
  3762 | D:4      | Reached skill level 5 in Fighting
  3762 | D:4      | Reached XP level 7. HP: 22/44 MP: 7/7
  4231 | D:4      | Found an ancient bone altar of Kikubaaqudgha.
  4292 | D:4      | Reached skill level 6 in Axes
  4507 | D:4      | Found the +4 Vampire's Tooth {vamp}
  4745 | D:5      | Entered Level 5 of the Dungeon
  4763 | D:5      | Reached XP level 8. HP: 40/50 MP: 8/8
  5120 | D:5      | Reached **** piety under Trog
  5128 | D:5      | Found a transporter.
  5164 | D:5      | Found a transporter.
  5242 | D:5      | Slain by an ogre

Skill      XL: |  1  2  3  4  5  6  7  8 |
---------------+-------------------------+-----
Axes           | 3 4 5 6 |  6.9
Fighting       | 4 5 |  5.7
Dodging        | 2 3 |  3.3
Stealth        | 1 2 3 |  3.0
Armour         | |  2.4

Action                   |  1- 3 |  4- 6 |  7- 9 || total
-------------------------+-------+-------+-------++-------
Melee: Hand axe          |   143 |   187 |   141 ||   471
Invok: Berserk           |     1 |     3 |     3 ||     7
  Use: Potion            |       |       |     2 ||     2
 Stab: Sleeping          |     1 |     4 |     3 ||     8
  Eat: Chunk             |     2 |     3 |     7 ||    12
       Ration            |       |     2 |     1 ||     3
Armor: Animal skin       |    56 |    59 |    28 ||   143
       Leather armour    |       |       |    14 ||    14
Dodge: Dodged            |   130 |   100 |    85 ||   315
